 Seeded DCSS version 0.27.1-3-gb3d3a73c9e (webtiles) character file.

Game seed: 20211022 (custom seed)

3 jessy the Chopper (level 1, 0/18 HPs)
             Began as a Hill Orc Wanderer on Oct 22, 2021.
             Slain by a giant cockroach (2 damage)
             ... on level 1 of the Dungeon.
             The game lasted 00:00:49 (112 turns).

jessy the Chopper (Hill Orc Wanderer)                Turns: 112, Time: 00:00:49

Health: 0/18       AC:  8    Str: 17    XL:     1   Next: 50%
Magic:  1/1        EV:  9    Int: 12    God:
Gold:   8          SH:  0    Dex:  7    Spells: 0/0 levels left

rFire    . . .     SeeInvis .   a - +0 hand axe
rCold    . . .     Faith    .   (no shield)
rNeg     . . .     Spirit   .   b - +2 scale mail
rPois    .         Reflect  .   (no helmet)
rElec    .         Harm     .   (no cloak)
rCorr    .         Rampage  .   (no gloves)
Will     .....                  (no boots)
Stlth    ..........             (no amulet)
HPRegen  0.06/turn              (no ring)
MPRegen  0.07/turn              (no ring)

@: no status effects
A: no striking features
a: no special abilities


You were on level 1 of the Dungeon.
You visited 1 branch of the dungeon, and saw 1 of its levels.

You collected 8 gold pieces.

Inventory:

Hand Weapons
 a - a +0 hand axe (weapon)
Armour
 b - a +2 scale mail (worn)
 c - a +0 leather armour
 d - a +0 chain mail


   Skills:
 + Level 2.8 Fighting
 + Level 2.8 Axes
 + Level 1.0 Throwing
 + Level 1.1 Armour
 + Level 1.0 Necromancy
 + Level 2.1 Fire Magic
 + Level 1.0 Evocations


You couldn't memorise any spells.
You knew the following spells:

 Your Spells              Type           Power      Damage    Failure   Level
a - Foxfire               Conj/Fire      8%         2x1d4     58%         1

Your spell library contained the following spells:

 Spells                   Type           Power      Damage    Failure   Level
 Ignite Poison            Fire/Tmut/Pois 1%         N/A       95%         3


Dungeon Overview and Level Annotations

Branches:
Dungeon (1/15)

Altars:


Message History

You closely miss the ball python. You hit the endoplasm.
The endoplasm freezes you.
You are frozen.
The ball python bites you but does no damage.
The ball python constricts you.
You closely miss the ball python. You hit the endoplasm but do no damage.
The ball python bites you but does no damage.
The ball python constricts you. The endoplasm freezes you.
You are frozen.
You hit the ball python.
The ball python is heavily wounded.
You hit the endoplasm.
The ball python bites you but does no damage.
The ball python constricts you.
The endoplasm hits you but does no damage.
The ball python bites you but does no damage.
The ball python constricts you.
You closely miss the ball python.
The ball python is heavily wounded.
You barely miss the endoplasm. The endoplasm freezes you.
You are frozen.
* * * LOW HITPOINT WARNING * * *
The ball python bites you but does no damage.
The ball python constricts you.
You hit the ball python.
You kill the ball python!
You hit the endoplasm.
You kill the endoplasm!
You closely miss the giant cockroach. The giant cockroach closely misses you.
The giant cockroach bites you but does no damage.
Unknown command.
You hit the giant cockroach.
The giant cockroach is moderately wounded.
The giant cockroach bites you but does no damage.
You closely miss the giant cockroach.
The giant cockroach is moderately wounded.
The giant cockroach bites you.
You die...

......#..#.###...#.# .#
......##...........##..#
...##.#.#..........#...###
...##.#....#........>....>
...##.#>.##.##.#.....#####
#####.############.......
#..#...........######
##...........#..
###........@##.#
#........B# .#
###.....#..#.#
#..#####.... #..# #....
#..# #..# .... ..# ..#.##
..


You could see a giant cockroach.

Vanquished Creatures
  A ball python (D:1)
  An endoplasm (D:1)
  A rat (D:1)
3 creatures vanquished.

Notes
Turn   | Place    | Note
-------+----------+-------------------------------------------
     0 | D:1      | jessy the Hill Orc Wanderer began the quest for the Orb.
     0 | D:1      | jessy set off with the following items: a +0 hand axe, a +2
                  | scale mail; and the following spell memorised: Foxfire; and
                  | the following spells available to memorise: Ignite Poison
     0 | D:1      | Reached XP level 1. HP: 18/18 MP: 1/1
   112 | D:1      | Slain by a giant cockroach

Illustrated notes

Levels and vault maps discovered:
D:1:      minmay_arrival_jagged, layout_rooms,
          ebering_ecumenical_altar_sacrificial, serial_corexii_hall,
          chequers_hall_statues_wall_a, corexii_hall_statues_s,
          corexii_hall_statues_l, chequers_hall_statues_corner_a, minmay_tripent

Action                   || total
-------------------------++-------
Melee: Hand axe          ||    10
Armor: Scale mail        ||    10
Dodge: Dodged            ||     3
